 Dungeon Crawl Stone Soup version 0.26-a0-646-g5d7718319a (webtiles) character file.

Game seed: 12744259427884141563

414 DogServant the Purveyor of Pain (level 6, -1/36 HPs)
             Began as a Tengu Necromancer on Sept 24, 2020.
             Was an Initiate of Kikubaaqudgha.
             Slain by an ogre
             ... wielding a +0 giant club
              (17 damage)
             ... on level 5 of the Dungeon.
             The game lasted 00:17:50 (6028 turns).

DogServant the Purveyor of Pain (Tengu Necromancer) Turns: 6028, Time: 00:17:51

Health: -1/36      AC:  9    Str: 11    XL:     6   Next: 91%
Magic:  8/10       EV: 13    Int: 15    God:    Kikubaaqudgha [......]
Gold:   202        SH:  0    Dex: 14    Spells: 4/9 levels left

rFire    . . .     SeeInvis .   c - +2 hand axe (elec)
rCold    . . .     Faith    .   (no shield)
rNeg     . . .     Spirit   .   f - +0 leather armour
rPois    .         Reflect  .   (helmet restricted)
rElec    .         Harm     .   b - scarf {repulsion}
rCorr    .         Rampage  .   n - +1 pair of gloves
MR       .....                  (boots unavailable)
Stlth    ++........             (no amulet)
HPRegen  0.12/turn              m - +4 ring of protection
MPRegen  0.12/turn              (no ring)

@: about to teleport, lightly drained, repel missiles
A: beak, talons 3, able to fly
a: Fly, Renounce Religion


You were on level 5 of the Dungeon.
You worshipped Kikubaaqudgha.
Kikubaaqudgha was noncommittal.
You visited 2 branches of the dungeon, and saw 6 of its levels.

You collected 202 gold pieces.

Inventory:

Hand Weapons
 c - a +2 hand axe of electrocution (weapon)
 d - a +0 dagger
Missiles
 k - 10 poisoned darts (quivered)
Armour
 b - a scarf of repulsion (worn)
 f - a +0 leather armour (worn)
 g - a +0 ring mail
 n - a +1 pair of gloves (worn)
Jewellery
 m - a +4 ring of protection (left hand)
Scrolls
 j - a scroll of remove curse
 p - a scroll of identify
 r - a scroll of enchant weapon {unknown}
Potions
 e - a potion of flight
 h - 2 potions of mutation {unknown}
 i - a potion of curing {unknown}
 l - a potion of berserk rage {unknown}
 o - a potion of ambrosia {unknown}
 q - 2 potions of brilliance {unknown}


   Skills:
 + Level 2.8(2.7) Fighting
 - Level 3.0(2.9) Short Blades
 + Level 3.1(3.0) Armour
 - Level 3.7(3.6) Dodging
 - Level 2.0(1.9) Stealth
 - Level 2.0(1.9) Spellcasting
 - Level 5.6 Necromancy


You had 4 spell levels left.
You knew the following spells:

 Your Spells              Type           Power        Failure   Level
a - Pain                  Necr           ###.         2%          1
b - Animate Skeleton      Necr           ###...       2%          1
c - Vampiric Draining     Necr           ###.......   9%          3

Your spell library contained the following spells:

 Spells                   Type           Power        Failure   Level
 Animate Dead             Necr           ###.......   28%         4
 Agony                    Necr           ###.....     61%         5


Dungeon Overview and Level Annotations

Branches:
Dungeon (5/15)             Temple (1/1) D:4

Altars:
Ashenzari
Cheibriados
Dithmenos
Fedhas
Hepliaklqana
Kikubaaqudgha
Nemelex Xobeh
Okawaru
Qazlal
Ru
Sif Muna
Uskayaw
Vehumet
Wu Jian
Xom
Yredelemnul
Zin
The Shining One

Annotations:
D:3 1 runed translucent door, Crazy Yiuf


Innate Abilities, Weirdness & Mutations

You have a beak for a mouth.
You have claws for feet.
You can fly continuously.


Message History

Casting: Pain (safe; 2% risk of failure)
Confirm with . or Enter, or press ? or * to list all spells.
Aiming: Pain (safe; 2% risk of failure)
Press: ? - help, Shift-Dir - straight line, f/p - ogre
Aim: an ogre, wielding a +0 giant club (lightly wounded, chance to defeat MR: 78%)
The ogre writhes in agony.
A centaur comes into view.
The centaur shouts!
The centaur wields a +0 shortbow.
The centaur shoots an arrow.
The arrow hits you!
You see here an arrow.
Okay, then.
As you read the scroll labeled FEEPADD WUYVO, it crumbles to dust.
You feel strangely unstable.
It was a scroll of teleportation.
The centaur shoots an arrow.
The arrow hits you but does no damage. The ogre closely misses you.
The centaur shoots an arrow.
The arrow hits you! The ogre hits you with a +0 giant club!
You die...
Kikubaaqudgha rasps: "You have failed me!
Welcome... death!"

.. .. .. #. ..
##...###########
..
......)O(......c
..
.......#@.....##
..
.......#.######
.. ...<...#.# lo
.......#.# .o
#..#..#..# ..
#.##.. ..# .. #.
#.. ... .. ....
.. #.


You could see an ogre and a centaur.

Vanquished Creatures
  2 orc wizards (D:4)
  An orc priest (D:4)
  An iguana (D:4)
  2 worker ants
  Robin (D:3)
  3 gnolls (D:2)
  11 adders
  A white imp (D:2)
  6 worms
  3 dart slugs
  7 orcs
  4 ball pythons
  3 giant cockroaches
  16 goblins
  9 hobgoblins
  3 jackals
  7 bats
  4 frilled lizards
  6 kobolds
  8 rats
98 creatures vanquished.

Vanquished Creatures (collateral kills)
  An orc (D:4)
  A goblin (D:3)
2 creatures vanquished.

Grand Total: 100 creatures vanquished

Notes
Turn   | Place    | Note
-------+----------+-------------------------------------------
     0 | D:1      | DogServant the Tengu Necromancer began the quest for the
                  | Orb.
     0 | D:1      | Reached XP level 1. HP: 10/10 MP: 4/4
   557 | D:1      | Reached XP level 2. HP: 15/15 MP: 6/6
  1139 | D:1      | Reached XP level 3. HP: 12/19 MP: 0/7
  1272 | D:2      | Found a shadowy altar of Dithmenos.
  1284 | D:2      | Reached skill level 5 in Necromancy
  1297 | D:2      | Learned a level 1 spell: Animate Skeleton
  1301 | D:2      | Learned a level 3 spell: Vampiric Draining
  1608 | D:2      | Reached XP level 4. HP: 17/24 MP: 3/8
  2968 | D:3      | Noticed Robin
  3008 | D:3      | Reached skill level 1 in Armour
  3008 | D:3      | Gained mutation: You can fly continuously. [Tengu growth]
  3008 | D:3      | Reached XP level 5. HP: 26/28 MP: 0/9
  3093 | D:3      | Reached skill level 1 in Fighting
  3103 | D:3      | Reached skill level 1 in Short Blades
  3628 | D:3      | Found a runed translucent door.
  3629 | D:3      | Noticed Crazy Yiuf
  3864 | D:3      | Reached XP level 6. HP: 22/35 MP: 3/10
  4305 | D:3      | Killed Robin
  4995 | D:4      | Found a staircase to the Ecumenical Temple.
  5007 | Temple   | Entered the Ecumenical Temple
  5186 | Temple   | Became a worshipper of Kikubaaqudgha
  5204 | D:4      | Found an iron altar of Okawaru.
  5795 | D:4      | Found a hide-covered altar of Uskayaw.
  5832 | D:5      | Entered Level 5 of the Dungeon
  6028 | D:5      | Slain by an ogre

Illustrated notes

Levels and vault maps discovered:
D:1:      scummos_arrival_hexagon, layout_loops_corners, columned_hall_lemuel
D:2:      layout_basic, lemuel_crystal_altar, palyth_stone_intersect,
          nicolae_dithmenos_shadow_blocks
D:3:      layout_rooms, uniq_robin, uniq_crazy_yiuf_cottage
D:4:      layout_rooms, lemuel_crystal_altar, kennysheep_little_box,
          temple_fountains, hex_large, minmay_strange_pillars
D:5:      layout_rooms, hangedman_decor_growths, trog_butcher_becter, uniq_ijyb
Temple:   eino_temple_rhombus

Skill      XL: |  1  2  3  4  5  6 |
---------------+-------------------+-----
Dodging        | 3 |  3.7
Necromancy     | 5 |  5.6
Armour         | 1 2 3 |  3.1
Fighting       | 1 2 |  2.8
Short Blades   | 2 3 |  3.0
Stealth        | |  2.0
Spellcasting   | |  2.0

Action                   |  1- 3 |  4- 6 || total
-------------------------+-------+-------++-------
Melee: Dagger            |    54 |   128 ||   182
       Kick              |    12 |    41 ||    53
       Unarmed           |     2 |       ||     2
       Peck              |     4 |    20 ||    24
       Hand axe          |       |    12 ||    12
 Cast: Pain              |    27 |    87 ||   114
       Vampiric Draining |       |    19 ||    19
       Animate Skeleton  |       |    11 ||    11
  Use: Scroll            |     3 |     3 ||     6
       Potion            |       |     2 ||     2
 Stab: Sleeping          |     4 |       ||     4
       Distracted        |       |     1 ||     1
Armor: Robe              |    24 |     4 ||    28
       Leather armour    |       |    69 ||    69
Dodge: Dodged            |    71 |   142 ||   213

Table legend: (Time is in decaauts)
 A = Elapsed time spent in this place.
 B = Non-inter-level travel time spent in this place.
 C = Inter-level travel time spent in this place.
 D = Time resting spent in this place.
 E = Time spent auto-exploring this place.
 F = Levels seen in this place.
 G = Mean time per level.
                   A        B        C        D        E       F      G
               +--------+--------+--------+--------+--------+-----+--------+
         Total |   6028 |   5677 |    351 |   2014 |   2581 |   6 | 1004.7 |
       Dungeon |   5832 |   5516 |    316 |   2014 |   2439 |   5 | 1166.4 |
        Temple |    195 |    160 |     35 |      0 |    142 |   1 |  195.0 |
               +--------+--------+--------+--------+--------+-----+--------+

Top non-repeatable levels by time:
     D:2: 1644 daAuts
     D:1: 1436 daAuts
     D:3: 1403 daAuts
     D:4: 1327 daAuts
  Temple: 195 daAuts
     D:5: 21 daAuts
